 Dungeon Crawl Stone Soup version 0.21-a0-331-gfb491b4 (webtiles) character file.

628 qqqbard the Cudgeler (level 7, -1/44 HPs)
             Began as a Gargoyle Fighter on Oct 2, 2017.
             Was a Follower of the Shining One.
             Killed by divine providence
             ... invoked by an orc priest
              (14 damage)
             ... on level 5 of the Dungeon.
             The game lasted 00:07:23 (3855 turns).

qqqbard the Cudgeler (Gargoyle Fighter)             Turns: 3855, Time: 00:07:24

Health: -1/44      AC: 13    Str: 22    XL:     7   Next: 48%
Magic:  16/16      EV:  9    Int:  8    God:    the Shining One [*.....]
Gold:   364        SH:  9    Dex:  9    Spells: 6/6 levels left

rFire    . . .     SeeInvis .   a - +0 flail
rCold    . . .     Gourm    .   B - +2 buckler
rNeg     + . .     Faith    .   b - +0 scale mail
rPois    ∞         Spirit   .   l - +0 helmet
rElec    +         Reflect  +   (no cloak)
rCorr    .         Harm     .   (no gloves)
MR       .....                  (no boots)
Stlth    ..........             g - +3 amulet of reflection
HPRegen  0.14/turn              r - ring of magical power
MPRegen  0.15/turn              (no ring)

@: glowing
A: negative energy resistance 1, electricity resistance, unbreathing,
petrification resistance, rot immunity, AC +4
a: Renounce Religion


You were on level 5 of the Dungeon.
You worshipped the Shining One.
The Shining One was aware of your devotion.
You were hungry.

You visited 2 branches of the dungeon, and saw 6 of its levels.
You also visited: Ossuary.

You collected 364 gold pieces.

Inventory:

Hand Weapons
 a - a +0 flail (weapon)
Missiles
 m - 95 arrows
 o - 155 stones (quivered)
 y - 31 sling bullets
Armour
 b - a +0 scale mail (worn)
 c - a +1 shield
 l - a +0 helmet (worn)
 u - a +0 plate armour
 B - a +2 buckler (worn)
Jewellery
 g - a +3 amulet of reflection (around neck)
 r - a ring of magical power (left hand)
 z - an uncursed ring of magical power
 E - a cursed ring of teleportation {unknown}
Wands
 A - a wand of paralysis (7/24)
 G - a wand of polymorph (9/24)
Scrolls
 e - 4 scrolls of enchant armour
 h - 2 scrolls of fear
 k - 7 scrolls of identify
 n - a scroll of remove curse
 q - a scroll of noise {unknown}
 D - a scroll of enchant weapon {unknown}
 J - a scroll of blinking {unknown}
Potions
 d - a potion of might
 i - 2 potions of resistance
 j - 2 potions of degeneration {unknown}
 s - a potion of magic {unknown}
 w - 2 potions of ambrosia {unknown}
 x - 2 potions of flight {unknown}
 F - a potion of curing
 H - a potion of heal wounds {unknown}
 I - a potion of berserk rage {unknown}
 K - a potion of haste {unknown}
Books
 v - a book of Minor Magic

   Spells                             Type                      Level
   a - Magic Dart                     Conjuration                  1
   b - Blink                          Translocation                2
   c - Call Imp                       Summoning                    2
   d - Slow                           Hexes                        2
   e - Conjure Flame                  Conjuration/Fire             3
   f - Mephitic Cloud                 Conjuration/Poison/Air       3
Comestibles
 f - 6 bread rations
 p - a meat ration
 t - a royal jelly
 C - a fruit


   Skills:
 + Level 5.0 Fighting
 * Level 5.3 Maces & Flails
 + Level 5.0 Armour
 + Level 5.0 Shields


You had 6 spell levels left.
You didn't know any spells.

Dungeon Overview and Level Annotations

Branches:
Dungeon (5/15)             Temple (1/1) D:5

Altars:
Ashenzari
Cheibriados
Dithmenos
Elyvilon
Gozag
Kikubaaqudgha
Nemelex Xobeh
Okawaru
Qazlal
Ru
Sif Muna
Trog
Uskayaw
Vehumet
Wu Jian
Xom
Yredelemnul
Zin
The Shining One


Innate Abilities, Weirdness & Mutations

You are resistant to torment.
Your stone body is resilient. (AC +4)
You are immune to poison.
You resist negative energy. (rN+)
You are resistant to electric shocks. (rElec)
You can survive without breathing.
You are immune to petrification.
You are immune to rotting.


Message History

You barely miss the orc wizard.
The orc wizard is almost dead.
The orc wizard barely misses you.
The orc wizard gestures at you while chanting.
The puff of flame hits you!
* * * LOW HITPOINT WARNING * * *
You sock the orc wizard!
You kill the orc wizard!
Reactivating autopickup.
Your Fighting skill increases to level 5!
Your Armour skill increases to level 5!
You thump the orc priest!
You kill the orc priest!
The Shining One accepts your kill.
Your Shields skill increases to level 5!
The orc priest looks encouraged for a moment.
You block the orc's attack.
The orc priest invokes the aid of Beogh against you.
Beogh smites you!
You die...

#.####.####...#
#..........>.##
######.#####.#########
#.# **#.........# #.#
#...#######.# #.#
#.### #.# #.# #.* #.#
#.# #,* #.# #@# *,*
#.# #o# *,* #.# #o#
*,* #.# #o# *,* ####*
#.# #.# *,* #$..###.##
#o# *,###,#......# #o#
*,,....#.##..# #.#
****#.###....# *,****
*#.#.###..


You could see an orc priest and 4 orcs.

Vanquished Creatures
  A slave (D:5)
  3 orc wizards
  An orc priest (D:5)
  A hound (D:4)
  A gnoll shaman (D:4)
  2 worker ants
  A hound skeleton (D:4)
  9 mummies
  10 gnolls
  7 adders
  A shadow imp (D:5)
  2 oozes
  A worm (D:3)
  3 dart slugs
  A leopard gecko (D:1)
  2 orcs
  11 bats
  7 giant cockroaches
  10 goblins
  5 hobgoblins
  8 jackals
  7 kobolds
  A quokka (D:4)
  6 frilled lizards
  A gnoll zombie (Ossuary)
  2 hobgoblin zombies (Ossuary)
  A kobold zombie (Ossuary)
  4 orc zombies (Ossuary)
  5 rats
114 creatures vanquished.

Notes
Turn   | Place    | Note
-------+----------+-------------------------------------------
     0 | D:1      | qqqbard the Gargoyle Fighter began the quest for the Orb.
     0 | D:1      | Reached XP level 1. HP: 14/14 MP: 1/1
    71 | D:1      | Reached XP level 2. HP: 11/19 MP: 2/2
    98 | D:1      | Reached XP level 3. HP: 9/23 MP: 3/3
  1064 | D:2      | Reached XP level 4. HP: 29/29 MP: 4/4
  1777 | D:3      | Reached XP level 5. HP: 33/33 MP: 5/5
  1873 | D:3      | Found a sparkling altar of Nemelex Xobeh.
  1996 | D:3      | Found a snail-covered altar of Cheibriados.
  2035 | D:3      | Found a radiant altar of Vehumet.
  2365 | D:4      | Found an opulent altar of Gozag.
  2465 | D:4      | Reached XP level 6. HP: 36/39 MP: 6/6
  2608 | D:4      | Found a stormy altar of Qazlal.
  2777 | D:4      | Found a deep blue altar of Sif Muna.
  2846 | D:5      | Entered Level 5 of the Dungeon
  2846 | D:5      | Noticed a slave
  2850 | D:5      | Noticed a slave
  2867 | D:5      | Found a white marble altar of Elyvilon.
  2872 | D:5      | Became a worshipper of Elyvilon the Healer
  2881 | D:5      | Killed a slave
  3009 | D:5      | Found a staircase to the Ecumenical Temple.
  3016 | Temple   | Entered the Ecumenical Temple
  3084 | Temple   | Fell from the grace of Elyvilon
  3084 | Temple   | Became a worshipper of the Shining One
  3150 | D:5      | Found a sand-covered staircase.
  3156 | D:5      | Reached XP level 7. HP: 44/44 MP: 7/7
  3160 | Ossuary  | Entered an ossuary
  3179 | Ossuary  | Reached * piety under the Shining One
  3211 | Ossuary  | Reached skill level 5 in Maces & Flails
  3853 | D:5      | Reached skill level 5 in Fighting
  3853 | D:5      | Reached skill level 5 in Armour
  3854 | D:5      | Reached skill level 5 in Shields
  3855 | D:5      | Killed from afar by an orc priest

Vault maps used:
D:1:      erik_arrival_cave_to_civilisation
D:2:      minmay_misc_feat_more_columns
D:3:      lemuel_doored_altar, fiery_altar_vehumet, nemelex_spade_bored_becter
D:4:      lemuel_round_altar, lemuel_crystal_altar, grunt_gozag_breadcrumbs
D:5:      temple_statues, first_bread, gup_ossuary_entry_pyramid, basic_altar,
          uniq_pikel
Temple:   eino_narrow_crystal_temple
Ossuary:  ossuary_tomb_3

Skill      XL: |  1  2  3  4  5  6  7 |
---------------+----------------------+-----
Maces & Flails | 3 4 5 |  5.3
Fighting       | 4 5 |  5.0
Armour         | 4 5 |  5.0
Shields        | 4 5 |  5.0

Action                   |  1- 3 |  4- 6 |  7- 9 || total
-------------------------+-------+-------+-------++-------
Melee: Flail             |   139 |   304 |    75 ||   518
  Use: Scroll            |       |     6 |       ||     6
       Potion            |       |       |     2 ||     2
  Eat: Chunk             |     1 |     7 |     1 ||     9
       Fruit             |       |       |     1 ||     1
Armor: Scale mail        |    85 |   182 |    32 ||   299
Dodge: Dodged            |    43 |   107 |    31 ||   181
Block: Shield            |   114 |   181 |       ||   295
       Buckler           |       |    61 |    31 ||    92

Table legend:
 A = Spawn XP
 B = Non-spawn XP
 C = Spawn XP percentage of total XP
 D = Spawn monster count
 E = Non-spawn monster count
 F = Spawn count percentage of total count
 G = Total turns spent on level
                    A         B        C        D         E        F      G
               +---------+---------+-------+---------+---------+-------+---------
         Total |       0 |     898 |   0.0 |       0 |     113 |   0.0 |  3855
               +---------+---------+-------+---------+---------+-------+---------
           D:1 |       0 |      67 |   0.0 |       0 |      29 |   0.0 |  1039
           D:2 |       0 |      54 |   0.0 |       0 |      17 |   0.0 |   542
           D:3 |       0 |      65 |   0.0 |       0 |      20 |   0.0 |   666
           D:4 |       0 |     402 |   0.0 |       0 |      25 |   0.0 |   599
           D:5 |       0 |     149 |   0.0 |       0 |       6 |   0.0 |   323
       Ossuary |       0 |     161 |   0.0 |       0 |      16 |   0.0 |   602
               +---------+---------+-------+---------+---------+-------+---------
